 Dungeon Crawl Stone Soup version 0.25-a0-842-g81a31cfd23 (webtiles) character file.

Game seed: 2808525306950981959, levelgen mode: deterministic

77 Esekla the Skirmisher (level 4, -1/38 HPs)
             Began as a Barachi Abyssal Knight on Apr 24, 2020.
             Was a Follower of Lugonu.
             Slain by a gnoll
             ... wielding a +0 spear
              (6 damage)
             ... on level 2 of the Dungeon.
             The game lasted 00:11:04 (1366 turns).

Esekla the Skirmisher (Barachi Abyssal Knight)      Turns: 1366, Time: 00:11:04

Health: -1/38      AC:  6    Str: 13    XL:     4   Next: 33%
Magic:  0/5        EV: 11    Int: 12    God:    Lugonu [*.....]
Gold:   87         SH:  0    Dex: 13    Spells: 3/3 levels left

rFire    . . .     SeeInvis .   a - +1 falchion
rCold    . . .     Gourm    .   (no shield)
rNeg     . . .     Faith    .   b - +0 leather armour
rPois    .         Spirit   +   (no helmet)
rElec    .         Reflect  .   (no cloak)
rCorr    .         Harm     .   f - +2 pair of gloves
MR       .....                  (no boots)
Stlth    +.........             e - amulet of guardian spirit
HPRegen  0.12/turn              (no ring)
MPRegen  0.09/turn              (no ring)

@: slow
A: +LOS, swims, slowness 1, strong legs 1
a: Hop, Depart the Abyss, Renounce Religion


You were on level 2 of the Dungeon.
You worshipped Lugonu.
Lugonu was aware of your devotion.
You were very hungry.

You visited 1 branch of the dungeon, and saw 2 of its levels.
You visited the Abyss 1 time.

You collected 87 gold pieces.

Inventory:

Hand Weapons
 a - a +1 falchion (weapon)
Armour
 b - a +0 leather armour (worn)
 f - a +2 pair of gloves (worn)
Jewellery
 e - an amulet of guardian spirit (around neck)
 l - an uncursed amulet of regeneration {unknown}
Scrolls
 g - 2 scrolls of identify {unknown}
 i - a scroll of remove curse {unknown}
 k - a scroll of blinking {unknown}
 m - 3 scrolls of fear {unknown}
 n - a scroll of teleportation {unknown}
Potions
 d - a potion of degeneration {unknown}
 h - a potion of mutation {unknown}
 j - 2 potions of curing {unknown}
Comestibles
 c - 3 rations


   Skills:
 * Level 4.8 Fighting
 * Level 3.4 Long Blades
 * Level 3.4 Armour
 + Level 1.2 Dodging
 + Level 1.6 Invocations


You had 3 spell levels left.
You didn't know any spells.
Your spell library was empty.

Dungeon Overview and Level Annotations

Branches:
Dungeon (2/15)

Altars:


Innate Abilities, Weirdness & Mutations

You can be seen from farther away. (+LOS)
You can swim through water.
You cover ground slowly.
You can hop short distances.


Message History

The gnoll is lightly wounded.
The gnoll hits you but does no damage.
You hit the gnoll but do no damage.
The gnoll is lightly wounded.
The gnoll hits you with a +0 spear.
* * * LOW HITPOINT WARNING * * *
You hit the gnoll.
The gnoll is moderately wounded.
The gnoll hits you with a +0 spear.
* * * LOW HITPOINT WARNING * * *
Your leather armour prevents you from hitting the gnoll.
The gnoll is moderately wounded.
The gnoll misses you.
You hit the gnoll but do no damage.
The gnoll is moderately wounded.
The gnoll hits you but does no damage.
You hit the gnoll but do no damage.
The gnoll is moderately wounded.
The gnoll hits you with a +0 spear!
You die...

#.##..##.# #.#
#.##..##.# #.#
#.####.##..#..# #.#
#.....(.......# #.#
######.##..#.## #.#
#.##..#.# #.#
#.##..#.########.#
#...........g....#
####......#@######
#....#...# #....##.##
#.)..##.# ##.#.##.#
#.#.##.# #.#.##.#
#<#.##.# #############
#.#.##.#####............


You could see a gnoll.

Vanquished Creatures
  3 gnolls (D:2)
  2 adders (D:2)
  A worm (D:2)
  A ball python (D:2)
  3 bats
  A giant cockroach (D:2)
  3 hobgoblins (D:1)
  5 kobolds
  3 frilled lizards (D:1)
  4 goblins
  5 rats
31 creatures vanquished.

Notes
Turn   | Place    | Note
-------+----------+-------------------------------------------
     0 | Abyss:1  | Esekla the Barachi Abyssal Knight began the quest for the
                  | Orb.
     0 | Abyss:1  | Reached XP level 1. HP: 18/18 MP: 2/2
    44 | Abyss:1  | Noticed a wretched star
    50 | Abyss:1  | Noticed a large abomination
    66 | Abyss:1  | Noticed a starcursed mass
    67 | Abyss:1  | Noticed an ice beast
    68 | D:1      | Escaped the Abyss
   429 | D:1      | Reached * piety under Lugonu
   453 | D:1      | Reached XP level 2. HP: 23/25 MP: 3/3
   458 | D:1      | Reached skill level 4 in Fighting
   617 | D:2      | Reached XP level 3. HP: 25/31 MP: 4/4
  1335 | D:2      | Reached XP level 4. HP: 27/38 MP: 3/5
  1366 | D:2      | Slain by a gnoll

Levels and vault maps discovered:
D:1:      roderic_crossed_star, layout_basic
D:2:      layout_loops_ring, uniq_crazy_yiuf_cottage

Skill      XL: |  1  2  3 |
---------------+----------+-----
Fighting       | 4 |  4.8
Armour         | 3 |  3.4
Long Blades    | 3 |  3.4
Dodging        | |  1.2
Invocations    | |  1.6

Action                   |  1- 3 |  4- 6 || total
-------------------------+-------+-------++-------
Melee: Falchion          |   105 |    18 ||   123
Invok: Depart the Abyss  |     1 |       ||     1
 Abil: Hop               |     1 |       ||     1
  Use: Scroll            |     3 |       ||     3
       Potion            |     3 |       ||     3
  Eat: Chunk             |     1 |       ||     1
Armor: Leather armour    |    43 |     2 ||    45
Dodge: Dodged            |    61 |    12 ||    73
       Rpst.: Falchion   |    20 |     4 ||    24

Table legend:
 A = Non-vault XP
 B = Vault XP
 C = Vault XP percentage of total XP
 D = Non-vault monster count
 E = Vault monster count
 F = Vault count percentage of total count
                 A         B        C        D         E       F
            +---------+---------+-------+---------+---------+-------
      Total |     110 |       0 |   0.0 |      31 |       0 |   0.0
            +---------+---------+-------+---------+---------+-------
        D:1 |      20 |       0 |   0.0 |      14 |       0 |   0.0
        D:2 |      90 |       0 |   0.0 |      17 |       0 |   0.0
            +---------+---------+-------+---------+---------+-------
